 Dungeon Crawl Stone Soup version 0.29.0-13-gc9e81de378 (webtiles) character file.

Game seed: 11219931520193311224

485 Tsarbomb the Digger (level 7, 0/36 HPs)
             Began as a Gargoyle Earth Elementalist on Sept 3, 2022.
             Was a Priest of Nemelex Xobeh.
             Slain by an ice beast (2 damage)
             ... on level 6 of the Dungeon on Sept 10, 2022.
             The game lasted 00:17:56 (4687 turns).

Tsarbomb the Digger (Gargoyle Earth Elementalist)   Turns: 4687, Time: 00:18:03

Health: 0/36       AC:  8    Str: 11    XL:     7   Next: 13%
Magic:  4/10       EV: 19    Int: 18    God:    Nemelex Xobeh [***...]
Gold:   248        SH:  0    Dex: 10    Spells: 4/10 levels left

rFire   . . .      SeeInvis .   i - +0 mace
rCold   . . .      Faith    .   (no shield)
rNeg    + . .      Spirit   .   c - +0 leather armour
rPois   ∞          Reflect  .   (no helmet)
rElec   +          Harm     .   (no cloak)
rCorr   .          Rampage  .   x - +0 pair of gloves
Will    .....                   (no boots)
Stlth   ++........              (no amulet)
HPRegen 0.12/turn               f - +4 ring of evasion
MPRegen 0.12/turn               A - +4 ring of evasion

@: no status effects
A: sickness immunity, AC +4, negative energy resistance 1, electricity
resistance, torment resistance 1, petrification resistance
a: Renounce Religion, Draw Escape, Draw Destruction, Draw Summoning, Triple Draw


You were on level 6 of the Dungeon.
You worshipped Nemelex Xobeh.
Nemelex Xobeh was most pleased with you.
You visited 1 branch of the dungeon, and saw 6 of its levels.

You collected 248 gold pieces.

Inventory:

Hand Weapons
 i - a +0 mace (weapon)
Missiles
 g - 2 throwing nets
 u - 17 stones
Armour
 a - a +0 robe
 c - a +0 leather armour (worn)
 x - a +0 pair of gloves (worn)
Magical Staves
 h - a staff of poison
Jewellery
 f - a +4 ring of evasion (left hand)
 l - a ring of willpower
 w - a ring of fire
 A - a +4 ring of evasion (right hand)
Wands
 B - a wand of flame (7)
Scrolls
 d - a scroll of butterflies {unknown}
 k - 4 scrolls of noise {unknown}
 o - 5 scrolls of identify {unknown}
 p - a scroll of brand weapon {unknown}
 q - a scroll of torment {unknown}
 t - 3 scrolls of teleportation {unknown}
 v - a scroll of poison {unknown}
 y - 2 scrolls of amnesia {unknown}
Potions
 b - 2 potions of magic
 e - 2 potions of curing {unknown}
 j - 2 potions of ambrosia {unknown}
 m - a potion of degeneration {unknown}
 n - a potion of haste {unknown}
 r - a potion of might {unknown}
 s - a potion of berserk rage {unknown}
 z - a potion of heal wounds {unknown}
 C - a potion of invisibility {unknown}


   Skills:
 * Level 2.1 Maces & Flails
 + Level 0.5 Armour
 - Level 2.0 Dodging
 - Level 2.1 Stealth
 - Level 2.0 Spellcasting
 - Level 2.0 Conjurations
 - Level 2.0 Transmutations
 + Level 7.3 Earth Magic
 - Level 2.0 Invocations


You had 4 spell levels left.
You knew the following spells:

 Your Spells              Type           Power      Damage    Failure   Level
a - Sandblast             Erth           56%        2d13      1%          1
b - Passwall              Tmut/Erth      15%        N/A       5%          2
c - Stone Arrow           Conj/Erth      36%        3d9       11%         3

Your spell library contained the following spells:

 Spells                   Type           Power      Damage    Failure   Level
 Freeze                   Ice            4%         1d3       24%         1
 Petrify                  Tmut/Erth      18%        N/A       34%         4
 Frozen Ramparts          Ice            2%         1d1       56%         3
 Hailstorm                Conj/Ice       5%         3d4       83%         4


Dungeon Overview and Level Annotations

Branches:
Dungeon (6/15)             Temple (0/1) D:5

Altars:
Ashenzari
Elyvilon
Kikubaaqudgha
Nemelex Xobeh
Vehumet
The Shining One

Shops:
D:2 =   D:4 :

Annotations:
D:1 exclusion: 2 downstairs
D:2 Sigmund
D:5 1 runed translucent door, exclusion: black bear, Esekla's ghost, weakling BaDe


Innate Abilities, Weirdness & Mutations

You are immune to sickness and miasma.
Your stone body is resilient. (AC +4)
You are immune to poison.
You resist negative energy. (rN+)
You are resistant to electric shocks. (rElec)
You are resistant to unholy torment.
You are immune to petrification.


Message History

The blast of sand hits the ice beast.
The ice beast is lightly wounded.
The ice beast hits you. The ice beast freezes you!
Casting: Sandblast (safe; 1% risk of failure)
Confirm with . or Enter, or press ? or * to list all spells.
Aiming: Sandblast (safe; 1% risk of failure)
Press: ? - help, Shift-Dir - straight line, f/p - ice beast
Aim: an ice beast (lightly wounded, 83% to hit)
The blast of sand hits the ice beast.
The ice beast is heavily wounded.
The ice beast hits you but does no damage.
The ice beast completely misses you.
Casting: Sandblast (safe; 1% risk of failure)
Confirm with . or Enter, or press ? or * to list all spells.
Aiming: Sandblast (safe; 1% risk of failure)
Press: ? - help, Shift-Dir - straight line, f/p - ice beast
Aim: an ice beast (moderately wounded, 83% to hit)
The blast of sand hits the ice beast.
The ice beast is heavily wounded.
The ice beast misses you.
Casting: Sandblast (safe; 1% risk of failure)
Confirm with . or Enter, or press ? or * to list all spells.
Aiming: Sandblast (safe; 1% risk of failure)
Press: ? - help, Shift-Dir - straight line, f/p - ice beast
Aim: an ice beast (heavily wounded, 83% to hit)
The blast of sand hits the ice beast!
The ice beast is almost dead.
The ice beast barely misses you. The ice beast hits you.
The ice beast freezes you!
* * * LOW HITPOINT WARNING * * *
Casting: Sandblast (safe; 1% risk of failure)
Confirm with . or Enter, or press ? or * to list all spells.
Aiming: Sandblast (safe; 1% risk of failure)
Press: ? - help, Shift-Dir - straight line, f/p - ice beast
Aim: an ice beast (almost dead, 83% to hit)
The blast of sand hits the ice beast but does no damage.
The ice beast is almost dead.
The ice beast hits you.
You die...
Your body disappears without a glow.

..####
..... ....
##...
#...####.
#........
##Y..>....
##.@#
#..<#
#..##
....#
#.##. # ..
##


You could see an ice beast.

Vanquished Creatures
  A scorpion (D:5)
  4 hounds (D:5)
  2 jellies
  An orc wizard (D:5)
  2 iguanas
  4 gnolls (D:5)
  3 adders
  A shadow imp (D:5)
  A white imp (D:4)
  An ufetubus (D:5)
  A worm (D:2)
  A dart slug (D:5)
  9 orcs
  6 ball pythons
  4 bats
  5 endoplasms
  3 giant cockroaches
  7 hobgoblins
  6 quokkas
  2 frilled lizards
  3 goblins
  2 goblin skeletons (D:4)
  A goblin zombie (D:4)
  2 hobgoblin zombies (D:4)
  7 kobolds
  2 kobold zombies (D:4)
  An orc zombie (D:4)
  4 rats
86 creatures vanquished.

Notes
Turn   | Place    | Note
-------+----------+-------------------------------------------
     0 | D:1      | Tsarbomb the Gargoyle Earth Elementalist began the quest
                  | for the Orb.
     0 | D:1      | Reached XP level 1. HP: 10/10 MP: 3/3
   114 | D:1      | Reached skill level 4 in Earth Magic
   306 | D:1      | Reached XP level 2. HP: 15/15 MP: 3/5
   360 | D:1      | Upgraded the game from 0.29.0-11-gd7f09526c8 to
                  | 0.29.0-13-gc9e81de378
  1016 | D:1      | Found a faded altar of an unknown god.
  1024 | D:1      | Prayed at the altar of an unknown god.
  1024 | D:1      | Became a worshipper of Nemelex Xobeh the Trickster
  1024 | D:1      | Reached * piety under Nemelex Xobeh
  1024 | D:1      | Received a gift from Nemelex Xobeh
  1235 | D:2      | Found Suifiy's Jewellery Emporium.
  1323 | D:2      | Noticed Sigmund
  1422 | D:2      | Reached XP level 3. HP: 19/19 MP: 6/6
  1475 | D:2      | Learned a level 2 spell: Passwall
  1479 | D:2      | Learned a level 3 spell: Stone Arrow
  2280 | D:3      | Reached skill level 1 in Maces & Flails
  2511 | D:3      | Reached ** piety under Nemelex Xobeh
  2553 | D:3      | Reached skill level 1 in Transmutations
  2553 | D:3      | Reached skill level 1 in Invocations
  2719 | D:4      | Reached XP level 4. HP: 24/24 MP: 3/7
  2723 | D:4      | Found a glowing golden altar of the Shining One.
  2804 | D:4      | Reached skill level 5 in Earth Magic
  2921 | D:4      | Received a gift from Nemelex Xobeh
  2985 | D:4      | Reached XP level 5. HP: 28/28 MP: 1/8
  3135 | D:4      | Reached skill level 1 in Conjurations
  3193 | D:4      | Found Agaobop's Self-Improvement Boutique.
  3411 | D:4      | Found a sparkling altar of Nemelex Xobeh.
  3430 | D:4      | Found a white marble altar of Elyvilon.
  3433 | D:4      | Found an ancient bone altar of Kikubaaqudgha.
  3434 | D:4      | Found a radiant altar of Vehumet.
  3554 | D:5      | Entered Level 5 of the Dungeon
  3654 | D:5      | Found a broken altar of Ashenzari.
  3658 | D:5      | Reached skill level 6 in Earth Magic
  3658 | D:5      | Reached XP level 6. HP: 32/32 MP: 5/9
  3923 | D:5      | Reached *** piety under Nemelex Xobeh
  3928 | D:5      | Identified the +6 dagger of Siosh {vorpal, rC++ rCorr Int-5
                  | Dex+3}
  3932 | D:5      | Noticed a black bear
  3948 | D:5      | Received a gift from Nemelex Xobeh
  4187 | D:5      | Found a staircase to the Ecumenical Temple.
  4193 | D:5      | Reached skill level 7 in Earth Magic
  4247 | D:5      | Found a runed translucent door.
  4248 | D:5      | Noticed Esekla's ghost (weakling BaDe)
  4327 | D:5      | Reached XP level 7. HP: 36/36 MP: 8/10
  4687 | D:6      | Slain by an ice beast

Illustrated notes

Levels and vault maps discovered:
D:1:      beargit_arrival_diablo_church, layout_basic,
          shapermc_ecumenical_altar_venn, lemuel_another_geyser
D:2:      minmay_spotlight, layout_rooms, serial_shops,
          nicolae_shop_competitors_out_of_business, uniq_sigmund, uniq_jessica
D:3:      layout_basic
D:4:      layout_gridville, nicolae_tso_besieged_by_evil, minitemple,
          nicolae_shop_self_help
D:5:      layout_basic, ashenzari_conservatory_becter,
          minmay_temple_entry_waves, gammafunk_ghost_grave, minivault_11
D:6:      layout_cave_pools, marbit_many_paths, nicolae_ru_sacrificial_ziggurat,
          serial_shops, nicolae_lakefront_shop, chequers_serial_rivers_large_b,
          kennysheep_cross_room, uniq_grinder, uniq_menkaure

Skill      XL: |  1  2  3  4  5  6 |
---------------+-------------------+-----
Earth Magic    | 4 5 6 7 |  7.3
Maces & Flails | 1 2 |  2.1
Transmutations | 1 2 |  2.0
Invocations    | 1 2 |  2.0
Conjurations   | 1 2 |  2.0
Dodging        | 2 |  2.0
Armour         | |  0.5
Stealth        | |  2.1
Spellcasting   | |  2.0

Action                   |  1- 3 |  4- 6 |  7- 9 || total
-------------------------+-------+-------+-------++-------
Melee: Unarmed           |    21 |       |       ||    21
       Mace              |    42 |    17 |       ||    59
 Cast: Sandblast         |    40 |    70 |    13 ||   123
 Stab: Sleeping          |     2 |       |       ||     2
       Distracted        |       |     1 |       ||     1
Armor: Robe              |    20 |       |       ||    20
       Leather armour    |     9 |    10 |     2 ||    21
Dodge: Dodged            |    71 |    51 |     3 ||   125
